 Dungeon Crawl Stone Soup version 0.18-a0-1800-gdc7a371 (webtiles) character file.

2249 M4edhros the Martial Artist (level 9, -9/51 HPs)
             Began as an Octopode Necromancer on Apr 24, 2016.
             Was an Initiate of Cheibriados.
             Mangled by an ice beast (21 damage)
             ... on level 9 of the Dungeon.
             The game lasted 00:31:42 (4231 turns).

M4edhros the Martial Artist (Octopode Necromancer)  Turns: 4231, Time: 00:31:43

Health: -9/51      AC:  1    Str:  9    XL:     9   Next: 37%
Magic:  12/12      EV: 11    Int: 18    God:    Cheibriados [......]
Gold:   524        SH: 15    Dex: 14    Spells: 3 memorised, 7 levels left

rFire  + . .     SeeInvis .     u - +0 dagger (elec)
rCold  x . .     Gourm    .     p - +5 shield {reflect}
rNeg   . . .     Faith    .     (helmet restricted)
rPois  .         Spirit   .     (no amulet)
rElec  .         Dismiss  .     x - ring of fire
rCorr  .         Reflect  +     (no ring)
SustAt .         Harm     .     (no ring)
MR     .....                    (no ring)
Stlth  +++.......               (no ring)
                                (no ring)
                                (no ring)
                                (no ring)

@: very slow, not resistant to hostile enchantments, fairly stealthy
A: almost no armour, amphibious, 8 rings, constrict 8, camouflage 1, clumsy 1,
gelatinous body 1
a: Bend Time, Renounce Religion


You were on level 9 of the Dungeon.
You worshipped Cheibriados.
Cheibriados was noncommittal.
You were hungry.

You visited 2 branches of the dungeon, and saw 11 of its levels.

You collected 524 gold pieces.

Inventory:

Hand Weapons
 n - a +0 short sword of holy wrath
 u - a +0 dagger of electrocution (weapon)
 y - a +1 spear of venom
 D - a +2 long sword of holy wrath
Missiles
 m - 4 throwing nets (quivered)
 w - 42 sling bullets
Armour
 p - a +5 shield of reflection (worn)
Jewellery
 x - a ring of fire (left tentacle)
Wands
 i - a wand of iceblast (7/15)
 q - a wand of random effects (15/48)
 s - a wand of disintegration (15/24)
 C - a wand of lightning (5/15)
Scrolls
 d - a scroll of noise
 e - 2 scrolls of amnesia
 f - 8 scrolls of fear
 g - 4 scrolls of remove curse
 j - 2 scrolls of random uselessness
 l - a scroll of immolation
 o - 2 scrolls of fog
 t - 2 scrolls of recharging
Potions
 h - a potion of heal wounds
Books
 a - a book of Necromancy

   Spells                             Type                      Level
   a - Pain                           Necromancy                   1
   b - Animate Skeleton               Necromancy                   1
   c - Vampiric Draining              Necromancy                   3
   d - Regeneration                   Charms/Necromancy            3
   e - Animate Dead                   Necromancy                   4
   f - Control Undead                 Necromancy                   4
Comestibles
 b - 4 bread rations
 c - 2 chunks of flesh
 k - 2 slices of pizza
 r - 5 meat rations
 z - 4 fruits


   Skills:
 - Level 2.0 Dodging
 - Level 2.6 Stealth
 + Level 8.0 Shields
 + Level 9.0 Unarmed Combat
 - Level 2.0 Spellcasting
 - Level 4.0 Necromancy


You had 7 spell levels left.
You knew the following spells:

 Your Spells              Type           Power        Failure   Level  Hunger
a - Pain                  Necr           ###.         10%         1    #......
b - Animate Skeleton      Necr           N/A          10%         1    #......
r - Regeneration          Chrm/Necr      #.........   61%         3    ###....


Dungeon Overview and Level Annotations

Branches:
Dungeon (10/15)            Temple (1/1) D:4
   Lair: D:8-11         Orc: D:9-12

Altars:
Ashenzari
Cheibriados
Dithmenos
Elyvilon
Fedhas
Kikubaaqudgha
Makhleb
Nemelex Xobeh
Okawaru
Pakellas
Ru
Sif Muna
Trog
Vehumet
Xom
Yredelemnul
Zin
The Shining One

Shops:
D:7 %


Innate Abilities, Weirdness & Mutations

You cannot wear most types of armour.
You are amphibious.
You can wear up to eight rings at the same time.
You can use your tentacles to constrict eight enemies at once.
Your skin changes colour to match your surroundings (Stealth).
Your rubbery body absorbs attacks (AC +1).
You are clumsy. (Dex -2)


Message History

The ice beast is almost dead.
The ice beast completely misses you.
Your orc skeleton hits the ice beast but does no damage.
The orc barely misses you.
You closely miss the ice beast.
The ice beast is almost dead.
The ice beast hits you. The ice beast freezes you!
You feel a terrible chill!
* * * LOW HITPOINT WARNING * * *
Your orc skeleton barely misses the ice beast.
You block the orc's attack.
Drink which item? (? for menu, Esc to quit)
You feel better. You block the ice beast's attack. You block the orc's attack.
You closely miss the ice beast.
The ice beast is almost dead.
You block the ice beast's attack.
Your orc skeleton closely misses the ice beast.
The orc hits you. The ice beast hits you.
* * * LOW HITPOINT WARNING * * *
The ice beast freezes you!!
You feel a terrible chill!
You die...

...............#..............
...............#........######
........................+
..........?....#........+
...............#.........
...............#..........
.................######....
###############.Z# #Y@#
#.....o# #......# #......#
#.....## #.....# #.###.# #.
#.#


You could see an ice beast, an orc and a friendly orc skeleton.

Vanquished Creatures
  Prince Ribbit (D:6)
  Eustachio (D:4)
  Duvessa (D:7)
  An orc warrior (D:6)
  An ice beast (D:5)
  An ogre (D:6)
  A centaur (D:6)
  A big kobold (D:7)
  A gnoll sergeant (D:7)
  Dowan (D:7)
  5 scorpions
  2 killer bees (D:9)
  2 crimson imps (D:5)
  A gnoll shaman (D:6)
  2 hounds
  3 jellies
  4 orc wizards
  A giant frog skeleton (D:5)
  5 iguanas
  4 worker ants
  10 gnolls
  8 adders
  An ooze (D:6)
  A worm (D:2)
  A dart slug (D:2)
  5 giant geckos
  14 orcs
  3 giant cockroaches
  5 goblins
  5 hobgoblins
  2 jackals (D:7)
  A quokka (D:2)
  A ball python (D:2)
  2 giant newts (D:1)
  7 kobolds
  A quokka skeleton (D:4)
  A rat (D:2)
107 creatures vanquished.

Vanquished Creatures (collateral kills)
  An ogre (D:6)
  A killer bee (D:9)
  A worker ant (D:7)
  A gnoll (D:7)
  3 orcs (D:6)
  2 jackals (D:7)
  A quokka zombie (D:5)
10 creatures vanquished.

Vanquished Creatures (others)
  An orc (D:5)
1 creature vanquished.

Grand Total: 118 creatures vanquished

Notes
Turn   | Place    | Note
--------------------------------------------------------------
     0 | D:1      | M4edhros the Octopode Necromancer began the quest for the Orb.
     0 | D:1      | Reached XP level 1. HP: 11/11 MP: 3/3
   119 | D:2      | Reached skill level 1 in Unarmed Combat
   119 | D:2      | Reached XP level 2. HP: 11/17 MP: 0/5
   165 | D:2      | Reached skill level 2 in Unarmed Combat
   431 | D:2      | Reached XP level 3. HP: 21/21 MP: 0/6
   451 | D:2      | Learned a level 3 spell: Regeneration
   453 | D:2      | Learned a level 1 spell: Animate Skeleton
   541 | D:2      | Reached skill level 3 in Unarmed Combat
   813 | D:2      | HP: 1/21 [worm (7)]
   970 | D:3      | Reached XP level 4. HP: 24/27 MP: 5/7
  1044 | D:3      | Reached skill level 4 in Unarmed Combat
  1381 | D:3      | Reached skill level 1 in Shields
  1416 | D:5      | Entered Level 5 of the Dungeon
  1416 | D:5      | Noticed an ice beast
  1421 | D:5      | Killed an ice beast
  1421 | D:5      | Reached XP level 5. HP: 21/31 MP: 8/8
  1465 | D:5      | Reached XP level 6. HP: 36/36 MP: 6/9
  1519 | D:5      | Reached skill level 5 in Unarmed Combat
  1861 | D:6      | Noticed Prince Ribbit
  1863 | D:6      | Found an iron altar of Okawaru.
  1929 | D:6      | Reached XP level 7. HP: 13/41 MP: 5/10
  2189 | D:5      | Reached skill level 6 in Unarmed Combat
  2694 | D:6      | Reached skill level 5 in Shields
  2714 | D:6      | Reached XP level 8. HP: 40/46 MP: 11/11
  2847 | D:7      | Reached skill level 7 in Unarmed Combat
  2863 | D:7      | Found Zecuew's Food Boutique.
  3188 | D:8      | Found an ancient bone altar of Kikubaaqudgha.
  3432 | D:7      | Noticed Dowan
  3457 | D:7      | Killed Dowan
  3457 | D:7      | Reached skill level 8 in Unarmed Combat
  3460 | D:7      | Noticed Duvessa
  3474 | D:7      | Gained mutation: Your mind is acute. (Int +2) [potion of mutation]
  3474 | D:7      | Gained mutation: You are clumsy. (Dex -2) [potion of mutation]
  3474 | D:7      | Lost mutation: Your mind is acute. (Int +2) [potion of mutation]
  3482 | D:7      | Killed Duvessa
  3625 | D:6      | Reached XP level 9. HP: 30/51 MP: 12/12
  3649 | D:6      | Killed Prince Ribbit
  3871 | D:4      | Noticed Eustachio
  3883 | D:4      | Killed Eustachio
  3901 | D:4      | Found a staircase to the Ecumenical Temple.
  3907 | Temple   | Entered the Ecumenical Temple
  3941 | Temple   | Became a worshipper of Cheibriados the Contemplative
  4154 | D:9      | Reached skill level 9 in Unarmed Combat
  4211 | D:10     | Entered Level 10 of the Dungeon
  4231 | D:9      | Mangled by an ice beast

Vault maps used:
D:1:      dpeg_arrival_simpleton_b
D:2:      grunt_ministairs_9
D:3:      amethyst_overflow_temple_binary
D:4:      minmay_temple_entry_enclosed_plants, first_bread, serial_glass,
          glass_columns_b, glass_columns_a, eino_tiny_chamber, uniq_eustachio
D:6:      basic_altar, uniq_prince_ribbit1
D:7:      serial_shops, shop, uniq_duvessa
D:8:      kennysheep_blocky_room, basic_altar
D:10:     minmay_opposing_rooms, lair_0_dummy
Temple:   grunt_circular_temple_18

Skill      XL: |  1  2  3  4  5  6  7  8  9 |
---------------+----------------------------+-----
Unarmed Combat | 1 2 3 4 5 6 8 9 |  9.0
Shields        | 2 3 5 7 8 |  8.0
Dodging        | |  2.0
Stealth        | |  2.6
Spellcasting   | |  2.0
Necromancy     | |  4.0

Action                   |  1- 3 |  4- 6 |  7- 9 || total
-------------------------+-------+-------+-------++-------
Melee: Unarmed           |    21 |     8 |       ||    29
       Constrict         |     5 |    12 |    47 ||    64
       Tentacles         |     4 |     9 |    36 ||    49
       Dagger            |       |    28 |   193 ||   221
       Punch             |       |       |     8 ||     8
       Long sword        |       |       |     9 ||     9
 Cast: Pain              |    44 |    19 |     2 ||    65
       Regeneration      |     6 |     6 |    13 ||    25
       Animate Skeleton  |     1 |     2 |    20 ||    23
Evoke: Wand              |       |     4 |     4 ||     8
  Use: Scroll            |     3 |     3 |     6 ||    12
       Potion            |     2 |       |     8 ||    10
 Stab: Sleeping          |       |     2 |     6 ||     8
       Held in net/web   |       |       |     1 ||     1
       Paralysed         |       |       |     1 ||     1
       Distracted        |       |       |     2 ||     2
       Invisible         |       |       |     1 ||     1
  Eat: Chunk             |     1 |     3 |    11 ||    15
       Beef jerky        |       |     1 |       ||     1
Armor: Skin              |       |       |     3 ||     3
Dodge: Dodged            |    14 |     5 |    52 ||    71
Block: Shield            |       |    15 |   143 ||   158
       Reflection        |       |     2 |     7 ||     9
